Canadiens vs Islanders (R1)

Created - November 17, 2020 at 19:25

Goals
1 2 3 OT1 SO T
Canadiens 1 1 1 0 0 3
Islanders 1 1 1 0 1 4
Shots
1 2 3 OT1 SO T
Canadiens 5 16 13 0 3 34
Islanders 3 18 10 0 2 31

1st period

1. Islanders , Vladimir Tarasenko 4 (Evander Kane 7, Fedor Tyutin 6) at 5:13 (PP)
2. Canadiens , Nick Spaling 1 (Mark Stuart 6, Dustin Boyd 3) at 6:15

Penalties :
Raphael Diaz (Mon) for Holding (Minor) at 4:34, Nikolai Zherdev (Mon) for Slashing (Minor) at 9:53, David Legwand (NYI) for Tripping (Minor) at 19:49

2nd period

3. Canadiens , Brett Maclean 2 (Jordan Szwarz 1) at 8:33
4. Islanders , Vladimir Tarasenko 5 (Ryan Ellis 12, Evander Kane 8) at 18:46 (PP)

Penalties :
Greg Stewart (Mon) for Hooking (Minor) at 0:07, Dustin Byfuglien (NYI) for Hooking (Minor) at 3:04, Colton Parayko (Mon) for Hooking (Minor) at 3:28, David Pastrnak (Mon) for Roughing (Minor) at 6:01, Jay Bouwmeester (NYI) for High sticking (Double Minor) at 9:23, Colton Parayko (Mon) for Interference (Minor) at 18:22

3rd period

5. Canadiens , David Pastrnak 4 (Benoit Pouliot 7, Frans Nielsen 6) at 0:42
6. Islanders , Ryan Ellis 3 (Tomas Fleischmann 2, David Legwand 3) at 19:24 (PP)

Penalties :
Maxim Talbot (NYI) for High sticking (Minor) at 2:27, Henrik Sedin (Mon) for Roughing (Double Minor) at 5:36, Cameron Gaunce (Mon) for Holding (Minor) at 15:17, Henrik Sedin (Mon) for Roughing (Minor) at 19:19

Overtime #1

No Goal

Penalties :
No Penalty

Shootout

Canadiens, Corey Perry - Stopped by Jonathan Quick
Islanders, Evander Kane - Goal!
Canadiens, Henrik Sedin - Shot Misses the Net
Islanders, Vladimir Tarasenko - Shot Misses the Net
Canadiens, Greg Stewart - Stopped by Jonathan Quick

Penalties :
No Penalty

Goalie Stats

Allen York (Mon), 28 saves from 31 shots - (0.903), OTL, 1-1-1, 65:00 minutes
Jonathan Quick (NYI), 31 saves from 34 shots - (0.912), W, 8-3-0, 64:50 minutes

Players Stats for Canadiens

Player Name              G  A  P  +/- PIM S  H  SB GA TA FO     MP     PP MP  PK MP  
------------------------------------------------------------------------------------
Benoit Pouliot           0  1  1   1  0   0  1  0  0  0  0/1    19:47   2:44   4:14 
Brett Maclean            1  0  1   1  0   3  1  0  3  0  1/2    13:44   0:21   3:11 
Bryce Lampman            0  0  0   1  0   1  1  2  2  0  0/0    34:19   4:05   6:43 
Cameron Gaunce           0  0  0   0  2   0  0  0  0  0  0/0    10:04   0:00   0:41 
Colton Parayko           0  0  0   1  4   2  3  2  0  2  0/0    32:49   4:04   6:17 
Corey Perry              0  0  0   0  0   1  6  1  0  2  10/20  26:14   2:44   6:40 
David Pastrnak           1  0  1   1  2   5  1  0  0  0  0/1    16:19   3:46   0:06 
Dustin Boyd              0  1  1   1  0   5  0  0  1  0  3/5     8:35   0:21   1:27 
Frans Nielsen            0  1  1   1  0   3  1  0  0  0  8/19   13:33   2:44   0:15 
Greg Stewart             0  0  0   0  2   5  1  0  1  0  4/5    20:59   3:34   3:09 
Henrik Sedin             0  0  0   0  6   1  1  2  0  0  12/25  25:18   3:35   4:30 
Jordan Szwarz            0  1  1   1  0   0  2  0  1  0  0/0     8:42   0:10   0:00 
Mark Stuart              0  1  1   2  0   1  4  2  0  0  0/0    21:17   2:35   5:03 
Nick Spaling             1  0  1   1  0   6  1  0  0  0  0/0     6:25   0:00   0:00 
Nikolai Zherdev          0  0  0   1  2   1  1  0  0  0  1/1     6:42   0:00   0:00 
Philip Larsen            0  0  0   0  0   0  1  0  0  0  0/0    10:31   0:00   0:02 
Pierre-Marc Bouchard     0  0  0   1  0   0  1  0  0  0  3/5     8:32   0:00   0:00 
Raphael Diaz             0  0  0   2  2   0  2  2  0  0  0/0    20:59   2:35   4:46 

Players Stats for Islanders

Player Name              G  A  P  +/- PIM S  H  SB GA TA FO     MP     PP MP  PK MP  
------------------------------------------------------------------------------------
Adam Pineault            0  0  0  -1  0   1  1  0  0  0  1/3    13:16   4:52   0:00 
Carl Klingberg           0  0  0  -1  0   2  1  0  0  1  0/0    10:14   0:38   0:34 
David Legwand            0  1  1  -1  2   0  2  1  0  1  6/15   19:11   5:08   1:21 
Dustin Byfuglien         0  0  0   0  2   3  0  0  0  1  0/0    16:30   0:26   2:36 
Evander Kane             0  2  2  -1  0   3  1  0  0  2  3/3    27:26   6:00   4:13 
Fedor Tyutin             0  1  1   0  0   1  0  0  1  1  0/0    23:30   7:02   0:00 
Jay Bouwmeester          0  0  0  -1  4   3  1  1  1  0  0/0    26:11   4:23   0:00 
Jiri Hudler              0  0  0  -1  0   0  2  0  0  0  0/0    13:23   0:38   0:00 
Joe Thornton             0  0  0  -1  0   5  3  0  0  0  28/52  27:12   6:00   4:11 
Justin Falk              0  0  0  -2  0   1  1  2  0  0  0/0    12:28   0:00   4:04 
Maxim Talbot             0  0  0   0  2   1  1  0  0  0  3/9    10:29   0:13   1:08 
R.J. Umberger            0  0  0   0  0   0  0  0  0  0  0/0     5:43   0:13   1:53 
Ryan Ellis               1  1  2  -1  0   6  1  0  1  0  0/0    32:34   7:08   4:04 
T.J. Fast                0  0  0  -2  0   1  0  1  0  0  0/0    19:11   4:38   2:36 
Tomas Fleischmann        0  1  1   0  0   0  0  0  1  0  0/0     9:55   4:55   0:00 
Tomas Plekanec           0  0  0  -1  0   0  1  0  0  0  0/1     7:45   0:00   0:00 
Vladimir Tarasenko       2  0  2  -1  0   3  1  1  0  1  0/0    21:30   5:55   0:00 
Zac Rinaldo              0  0  0  -1  0   1  3  1  0  1  1/1    13:32   0:41   0:00 

3 Stars

1 - Vladimir Tarasenko (NYI)
2 - Mark Stuart (Mon)
3 - Ryan Ellis (NYI)

Power Play

Canadiens - 0 on 5 Attempt(s) - 0.00%
Islanders - 3 on 10 Attempt(s) - 30.00%

Penalty Kill

Canadiens - 7 on 10 Attempt(s) - 70.00% - Score 0 goal in Penalty Kill
Islanders - 5 on 5 Attempt(s) - 100.00% - Score 0 goal in Penalty Kill

Team Stat

Canadiens - Hits : 28 - Faceoff Wins : 42 - Blocked Shots : 11 - Penalty Minutes : 20
Islanders - Hits : 19 - Faceoff Wins : 42 - Blocked Shots : 7 - Penalty Minutes : 10

Official

Referees : Unknown
Linesman : Unknown

Game Notes

6:15 of 1st period - Canadiens goal is going for a video replay. After video review, Goal.

Finance

Level 1 -- Attendance: 4979 (82.98%) -- Ticket Income $572,585
Level 2 -- Attendance: 4473 (89.46%) -- Ticket Income $290,745
Level 3 -- Attendance: 1536 (76.80%) -- Ticket Income $69,120
Level 4 -- Attendance: 3044 (76.10%) -- Ticket Income $106,540
Luxury Box -- Attendance: 720 (72.00%) -- Ticket Income $144,000
Game was played at the Barclay center.
Total Attendance: 14752 (81.96%)
Total Ticket Income: $1,182,990
Other Income: $177,448
Total Income: $1,360,438

Canadiens

5 vs 5 Forward 
   Center                   Left Wing                Right Wing               Time % Phy DF OF 
 1 Henrik Sedin             Greg Stewart             Corey Perry              40     1   2  2  
 2 Frans Nielsen            Benoit Pouliot           David Pastrnak           30     1   2  2  
 3 Pierre-Marc Bouchard     Brett Maclean            Jordan Szwarz            20     1   2  2  
 4 Dustin Boyd              Nick Spaling             Nikolai Zherdev          10     1   2  2  

5 vs 5 Defense 
   Defense                  Defense                                           Time % Phy DF OF 
 1 Colton Parayko           Bryce Lampman                                     40     1   2  2  
 2 Mark Stuart              Raphael Diaz                                      30     1   2  2  
 3 Philip Larsen            Cameron Gaunce                                    20     1   2  2  
 4 Colton Parayko           Bryce Lampman                                     10     1   2  2  

PowerPlay Forward 
   Center                   Left Wing                Right Wing               Time % Phy DF OF 
 1 Henrik Sedin             Greg Stewart             David Pastrnak           60     1   2  2  
 2 Frans Nielsen            Benoit Pouliot           Corey Perry              40     1   2  2  

PowerPlay Defense
   Defense                  Defense                                           Time % Phy DF OF 
 1 Colton Parayko           Bryce Lampman                                     60     1   2  2  
 2 Mark Stuart              Raphael Diaz                                      40     1   2  2  

Penalty Kill 4 Players Forward 
   Center                   Wing                     Time % Phy DF OF 
 1 Corey Perry              Henrik Sedin             60     1   2  2  
 2 Greg Stewart             Benoit Pouliot           40     1   2  2  

Penalty Kill 4 Players Defense
   Defense                  Defense                  Time % Phy DF OF 
 1 Colton Parayko           Bryce Lampman            60     1   2  2  
 2 Mark Stuart              Raphael Diaz             40     1   2  2  

Penalty Kill - 3 Players Forward 
   Forward                                           Time % Phy DF OF 
 1 Corey Perry                                       60     1   2  2  
 2 Henrik Sedin                                      40     1   2  2  

Penalty Kill - 3 Players Defense
   Defense                  Defense                  Time % Phy DF OF 
 1 Colton Parayko           Bryce Lampman            60     1   2  2  
 2 Mark Stuart              Raphael Diaz             40     1   2  2  

4 vs 4 Forward 
   Center                   Wing                     Time % Phy DF OF 
 1 Corey Perry              Henrik Sedin             60     1   2  2  
 2 Greg Stewart             Benoit Pouliot           40     1   2  2  

4 vs 4 Defense
   Defense                  Defense                  Time % Phy DF OF 
 1 Colton Parayko           Bryce Lampman            60     1   2  2  
 2 Mark Stuart              Raphael Diaz             40     1   2  2  

Last Minutes Offensive
   Center                   Left Wing                Right Wing               Defense                  Defense                  
   Henrik Sedin             Greg Stewart             Corey Perry              Colton Parayko           Bryce Lampman            

Last Minutes Defensive
   Center                   Left Wing                Right Wing               Defense                  Defense                  
   Henrik Sedin             Greg Stewart             Corey Perry              Colton Parayko           Bryce Lampman            

Goaltenders
Starting : Allen York               
Backup : Kristers Gudlevskis      

Extra Forwards
Normal : Corey Perry, David Pastrnak, Brett Maclean - PP : Corey Perry, David Pastrnak - PK : Brett Maclean
Extra Defensemen
Normal : Philip Larsen, Cameron Gaunce, Mark Stuart - PP : Philip Larsen - PK : Cameron Gaunce, Mark Stuart
Penalty Shots
Corey Perry, Henrik Sedin, Greg Stewart, Benoit Pouliot, Frans Nielsen

Scratches
Steve Downie (Abdomen/Ribs Injury), Viktor Stalberg (Healthy)

Islanders

5 vs 5 Forward 
   Center                   Left Wing                Right Wing               Time % Phy DF OF 
 1 Joe Thornton             Evander Kane             Vladimir Tarasenko       33     2   1  2  
 2 David Legwand            Zac Rinaldo              Jiri Hudler              29     1   2  2  
 3 Maxim Talbot             Tomas Fleischmann        Vladimir Tarasenko       19     1   2  2  
 4 Tomas Plekanec           Carl Klingberg           Adam Pineault            19     1   2  2  

5 vs 5 Defense 
   Defense                  Defense                                           Time % Phy DF OF 
 1 Ryan Ellis               Jay Bouwmeester                                   43     1   1  3  
 2 Fedor Tyutin             Dustin Byfuglien                                  32     2   1  2  
 3 T.J. Fast                Justin Falk                                       25     2   2  1  
 4 Ryan Ellis               Fedor Tyutin                                      0      1   2  2  

PowerPlay Forward 
   Center                   Left Wing                Right Wing               Time % Phy DF OF 
 1 Joe Thornton             Evander Kane             Vladimir Tarasenko       60     0   1  4  
 2 David Legwand            Tomas Fleischmann        Adam Pineault            40     0   1  4  

PowerPlay Defense
   Defense                  Defense                                           Time % Phy DF OF 
 1 Ryan Ellis               Fedor Tyutin                                      60     0   2  3  
 2 Jay Bouwmeester          T.J. Fast                                         40     0   2  3  

Penalty Kill 4 Players Forward 
   Center                   Wing                     Time % Phy DF OF 
 1 Joe Thornton             Evander Kane             60     2   3  0  
 2 Maxim Talbot             R.J. Umberger            40     2   3  0  

Penalty Kill 4 Players Defense
   Defense                  Defense                  Time % Phy DF OF 
 1 Ryan Ellis               Justin Falk              60     1   3  1  
 2 Dustin Byfuglien         T.J. Fast                40     2   2  1  

Penalty Kill - 3 Players Forward 
   Forward                                           Time % Phy DF OF 
 1 Evander Kane                                      60     1   2  2  
 2 Tomas Plekanec                                    40     1   2  2  

Penalty Kill - 3 Players Defense
   Defense                  Defense                  Time % Phy DF OF 
 1 Ryan Ellis               Justin Falk              60     1   2  2  
 2 Jay Bouwmeester          T.J. Fast                40     1   2  2  

4 vs 4 Forward 
   Center                   Wing                     Time % Phy DF OF 
 1 Joe Thornton             Evander Kane             60     1   1  3  
 2 Maxim Talbot             R.J. Umberger            40     1   1  3  

4 vs 4 Defense
   Defense                  Defense                  Time % Phy DF OF 
 1 Ryan Ellis               Jay Bouwmeester          60     1   2  2  
 2 Fedor Tyutin             T.J. Fast                40     1   2  2  

Last Minutes Offensive
   Center                   Left Wing                Right Wing               Defense                  Defense                  
   Joe Thornton             Evander Kane             Vladimir Tarasenko       Ryan Ellis               Fedor Tyutin             

Last Minutes Defensive
   Center                   Left Wing                Right Wing               Defense                  Defense                  
   Joe Thornton             Evander Kane             Vladimir Tarasenko       Ryan Ellis               Fedor Tyutin             

Goaltenders
Starting : Jonathan Quick           
Backup : Julien Ellis             

Extra Forwards
Normal : Evander Kane, Maxim Talbot, R.J. Umberger - PP : Evander Kane, Zac Rinaldo - PK : Evander Kane
Extra Defensemen
Normal : Ryan Ellis, Justin Falk, Jay Bouwmeester - PP : Ryan Ellis - PK : Justin Falk, T.J. Fast
Penalty Shots
Evander Kane, Vladimir Tarasenko, Maxim Talbot, Dustin Byfuglien, Joe Thornton

Scratches
Mike Brown (Suspend)

% Time on Ice - Canadiens

Lines # - Real PCT - Wanted PCT - Time Play
Normal Forward
1 - 33% - 40% - 12:29
2 - 28% - 30% - 10:34
3 - 22% - 20% - 8:32
4 - 17% - 10% - 6:25
Normal Defense
1 - 45% - 40% - 17:01
2 - 28% - 30% - 10:45
3 - 25% - 20% - 9:24
4 - 2% - 10% - 0:50
PP Forward
1 - 59% - 60% - 3:56
2 - 41% - 40% - 2:44
PP Defense
1 - 61% - 60% - 4:05
2 - 39% - 40% - 2:35
PK Forward
1 - 82% - 60% - 9:42
2 - 18% - 40% - 2:04
PK Defense
1 - 57% - 60% - 6:43
2 - 43% - 40% - 5:03
PK3 Forward
1 - 0% - 60%
2 - 0% - 40%
PK3 Defense
1 - 0% - 60%
2 - 0% - 40%
44 Forward
1 - 71% - 60% - 5:52
2 - 29% - 40% - 2:24
44 Defense
1 - 65% - 60% - 5:22
2 - 35% - 40% - 2:54
Last Minute Offensive  - 0:00
Last Minute Defensive  - 0:18
Total
Forward - 65:00
Defense - 65:00

% Time on Ice - Islanders

Lines # - Real PCT - Wanted PCT - Time Play
Normal Forward
1 - 33% - 33% - 12:22
2 - 34% - 29% - 12:51
3 - 13% - 19% - 4:46
4 - 21% - 19% - 7:45
Normal Defense
1 - 43% - 43% - 16:07
2 - 34% - 32% - 12:59
3 - 21% - 25% - 8:03
4 - 2% - 0% - 0:35
PP Forward
1 - 55% - 60% - 6:25
2 - 45% - 40% - 5:21
PP Defense
1 - 61% - 60% - 7:08
2 - 39% - 40% - 4:38
PK Forward
1 - 72% - 60% - 4:47
2 - 28% - 40% - 1:53
PK Defense
1 - 61% - 60% - 4:04
2 - 39% - 40% - 2:36
PK3 Forward
1 - 0% - 60%
2 - 0% - 40%
PK3 Defense
1 - 0% - 60%
2 - 0% - 40%
44 Forward
1 - 74% - 60% - 6:09
2 - 26% - 40% - 2:07
44 Defense
1 - 56% - 60% - 4:40
2 - 44% - 40% - 3:36
Last Minute Offensive  - 0:34
Last Minute Defensive  - 0:00
Total
Forward - 65:00
Defense - 65:00

Play-by-Play

1st period


0:01 of 1st period - Joe Thornton wins face-off versus Henrik Sedin in neutral zone.
0:14 of 1st period - Snap shot by Vladimir Tarasenko.
0:14 of 1st period - Shot Blocked by Bryce Lampman.
0:26 of 1st period - Zac Rinaldo is hit by Benoit Pouliot and loses puck.
0:52 of 1st period - Snap shot by Adam Pineault.
0:52 of 1st period - Stopped by Allen York with a rebound.
0:54 of 1st period - Slapshot by Justin Falk.
0:54 of 1st period - Deflect By Mark Stuart.
0:54 of 1st period - Stopped by Allen York without a rebound.
0:55 of 1st period - Dustin Boyd wins face-off versus Tomas Plekanec in Canadiens zone.
1:05 of 1st period - Nikolai Zherdev is hit by Justin Falk and loses puck.
2:00 of 1st period - Icing by Philip Larsen.
2:01 of 1st period - Frans Nielsen wins face-off versus Joe Thornton in Canadiens zone.
2:08 of 1st period - Slapshot by David Pastrnak.
2:08 of 1st period - Shot Misses the Net.
2:36 of 1st period - Snap shot by Carl Klingberg.
2:36 of 1st period - Shot Misses the Net.
2:47 of 1st period - Off-side.
2:48 of 1st period - David Legwand wins face-off versus Pierre-Marc Bouchard in neutral zone.
3:25 of 1st period - Off-side.
3:26 of 1st period - Joe Thornton wins face-off versus Frans Nielsen in neutral zone.
3:43 of 1st period - Slapshot by David Pastrnak.
3:43 of 1st period - Deflect By Benoit Pouliot.
3:43 of 1st period - Shot Blocked by T.J. Fast.
3:43 of 1st period - Puck is out of play.
3:44 of 1st period - Greg Stewart wins face-off versus Adam Pineault in Islanders zone.
3:53 of 1st period - Wrist shot by Corey Perry.
3:53 of 1st period - Deflect By Tomas Plekanec.
3:53 of 1st period - Shot Misses the Net.
3:53 of 1st period - Puck is out of play.
3:54 of 1st period - Henrik Sedin wins face-off versus Adam Pineault in Islanders zone.
4:07 of 1st period - Wrist shot by Carl Klingberg.
4:07 of 1st period - Shot Misses the Net.
4:21 of 1st period - Off-side.
4:22 of 1st period - Joe Thornton wins face-off versus Frans Nielsen in neutral zone.
4:34 of 1st period - Minor Penalty to Raphael Diaz for Holding.
4:35 of 1st period - Joe Thornton wins face-off versus Corey Perry in Canadiens zone.
5:13 of 1st period - Wrist shot by Vladimir Tarasenko.
5:13 of 1st period - Goal by Vladimir Tarasenko - Canadiens : 0 - Islanders : 1.
5:14 of 1st period - David Legwand wins face-off versus Frans Nielsen in neutral zone.
5:19 of 1st period - Snap shot by Ryan Ellis.
5:19 of 1st period - Shot Misses the Net.
5:26 of 1st period - Icing by Benoit Pouliot.
5:27 of 1st period - Frans Nielsen wins face-off versus Joe Thornton in Canadiens zone.
5:36 of 1st period - Snap shot by Frans Nielsen.
5:36 of 1st period - Stopped by Jonathan Quick without a rebound.
5:37 of 1st period - Joe Thornton wins face-off versus Henrik Sedin in Islanders zone.
5:54 of 1st period - Wrist shot by Vladimir Tarasenko.
5:54 of 1st period - Shot Misses the Net.
6:05 of 1st period - Icing by T.J. Fast.
6:06 of 1st period - Dustin Boyd wins face-off versus Joe Thornton in Islanders zone.
6:09 of 1st period - Snap shot by Dustin Boyd.
6:09 of 1st period - Shot Blocked by Justin Falk.
6:11 of 1st period - Wrist shot by Mark Stuart.
6:11 of 1st period - Stopped by Jonathan Quick with a rebound.
6:13 of 1st period - Snap shot by Mark Stuart.
6:13 of 1st period - Shot Blocked by Justin Falk.
6:15 of 1st period - Wrist shot by Nick Spaling.
6:15 of 1st period - Canadiens goal is going for a video replay.
6:15 of 1st period - The goal is good.
6:15 of 1st period - Goal by Nick Spaling - Canadiens : 1 - Islanders : 1.
6:16 of 1st period - Maxim Talbot wins face-off versus Henrik Sedin in neutral zone.
6:32 of 1st period - Wrist shot by Greg Stewart.
6:32 of 1st period - Stopped by Jonathan Quick without a rebound.
6:33 of 1st period - David Legwand wins face-off versus Frans Nielsen in Islanders zone.
7:22 of 1st period - Carl Klingberg is hit by Pierre-Marc Bouchard and loses puck.
7:33 of 1st period - Snap shot by Jordan Szwarz.
7:33 of 1st period - Shot Misses the Net.
7:54 of 1st period - Dustin Byfuglien is hit by Mark Stuart and loses puck.
8:13 of 1st period - Snap shot by Vladimir Tarasenko.
8:13 of 1st period - Shot Misses the Net.
8:27 of 1st period - Snap shot by Greg Stewart.
8:27 of 1st period - Shot Misses the Net.
8:47 of 1st period - Wrist shot by Jordan Szwarz.
8:47 of 1st period - Shot Misses the Net.
8:49 of 1st period - Wrist shot by Brett Maclean.
8:49 of 1st period - Shot Blocked by Vladimir Tarasenko.
8:51 of 1st period - Slapshot by Philip Larsen.
8:51 of 1st period - Deflect By Brett Maclean.
8:51 of 1st period - Shot Misses the Net.
8:51 of 1st period - Puck is out of play.
8:52 of 1st period - Pierre-Marc Bouchard wins face-off versus David Legwand in Islanders zone.
9:19 of 1st period - Carl Klingberg is hit by Greg Stewart and loses puck.
9:26 of 1st period - Wrist shot by Greg Stewart.
9:26 of 1st period - Shot Misses the Net.
9:49 of 1st period - Ryan Ellis is hit by Nick Spaling and loses puck.
9:53 of 1st period - Minor Penalty to Nikolai Zherdev for Slashing.
9:54 of 1st period - Joe Thornton wins face-off versus Corey Perry in Canadiens zone.
11:53 of 1st period - Penalty to Nikolai Zherdev is over, Nikolai Zherdev is back on ice.
11:54 of 1st period - Henrik Sedin is hit by Zac Rinaldo.
13:59 of 1st period - David Pastrnak is hit by Zac Rinaldo and loses puck.
14:47 of 1st period - Carl Klingberg is hit by Corey Perry and loses puck.
15:18 of 1st period - Justin Falk is hit by Mark Stuart and loses puck.
15:31 of 1st period - Joe Thornton is hit by Corey Perry and loses puck.
15:46 of 1st period - Mark Stuart is hit by Adam Pineault and loses puck.
16:09 of 1st period - Slapshot by Nick Spaling.
16:09 of 1st period - Shot Misses the Net.
17:04 of 1st period - Colton Parayko is hit by David Legwand and loses puck.
17:17 of 1st period - Tomas Plekanec is hit by Colton Parayko and loses puck.
17:26 of 1st period - Wrist shot by Dustin Boyd.
17:26 of 1st period - Shot Misses the Net.
17:28 of 1st period - Slapshot by Bryce Lampman.
17:28 of 1st period - Shot Misses the Net.
17:52 of 1st period - Snap shot by Brett Maclean.
17:52 of 1st period - Stopped by Jonathan Quick without a rebound.
17:53 of 1st period - Joe Thornton wins face-off versus Henrik Sedin in Islanders zone.
17:53 of 1st period - Joe Thornton is hit by Corey Perry.
17:58 of 1st period - Fedor Tyutin is hit by Philip Larsen and loses puck.
19:49 of 1st period - Minor Penalty to David Legwand for Tripping.
19:50 of 1st period - Joe Thornton wins face-off versus Henrik Sedin in Islanders zone.
19:50 of 1st period - Joe Thornton is hit by Mark Stuart.
Goals for this period are 1 for Canadiens vs 1 for Islanders.
Shots for this period are 5 for Canadiens vs 3 for Islanders.

2nd period


0:01 of 2nd period - Joe Thornton wins face-off versus Henrik Sedin in neutral zone.
0:07 of 2nd period - Minor Penalty to Greg Stewart for Hooking.
0:08 of 2nd period - Corey Perry wins face-off versus Joe Thornton in Canadiens zone.
0:23 of 2nd period - Off-side.
0:24 of 2nd period - Corey Perry wins face-off versus Joe Thornton in neutral zone.
0:27 of 2nd period - Slapshot by Colton Parayko.
0:27 of 2nd period - Shot Misses the Net.
0:29 of 2nd period - Snap shot by Corey Perry.
0:29 of 2nd period - Shot Misses the Net.
1:05 of 2nd period - Snap shot by Maxim Talbot.
1:05 of 2nd period - Stopped by Allen York with a rebound.
1:13 of 2nd period - Wrist shot by David Pastrnak.
1:13 of 2nd period - Stopped by Jonathan Quick without a rebound.
1:14 of 2nd period - Joe Thornton wins face-off versus Corey Perry in Islanders zone.
1:14 of 2nd period - Joe Thornton is hit by Corey Perry.
1:46 of 2nd period - Slapshot by Colton Parayko.
1:46 of 2nd period - Deflect By T.J. Fast.
1:46 of 2nd period - Stopped by Jonathan Quick with a rebound.
1:49 of 2nd period - Penalty to David Legwand is over, David Legwand is back on ice.
2:07 of 2nd period - Penalty to Greg Stewart is over, Greg Stewart is back on ice.
2:33 of 2nd period - Zac Rinaldo is hit by Brett Maclean and loses puck.
2:58 of 2nd period - Wrist shot by Frans Nielsen.
2:58 of 2nd period - Stopped by Jonathan Quick without a rebound.
2:59 of 2nd period - Frans Nielsen wins face-off versus Maxim Talbot in Islanders zone.
3:02 of 2nd period - Wrist shot by David Pastrnak.
3:02 of 2nd period - Stopped by Jonathan Quick with a rebound.
3:04 of 2nd period - Minor Penalty to Dustin Byfuglien for Hooking.
3:05 of 2nd period - Joe Thornton wins face-off versus Frans Nielsen in Islanders zone.
3:05 of 2nd period - Joe Thornton is hit by Frans Nielsen.
3:28 of 2nd period - Minor Penalty to Colton Parayko for Hooking.
3:29 of 2nd period - Corey Perry wins face-off versus Joe Thornton in Canadiens zone.
4:04 of 2nd period - Wrist shot by Fedor Tyutin.
4:04 of 2nd period - Stopped by Allen York without a rebound.
4:05 of 2nd period - Greg Stewart wins face-off versus Maxim Talbot in Canadiens zone.
4:16 of 2nd period - Snap shot by Greg Stewart.
4:16 of 2nd period - Stopped by Jonathan Quick with a rebound.
4:34 of 2nd period - Wrist shot by Evander Kane.
4:34 of 2nd period - Deflect By Joe Thornton.
4:34 of 2nd period - Stopped by Allen York without a rebound.
4:35 of 2nd period - Corey Perry wins face-off versus Joe Thornton in Canadiens zone.
4:44 of 2nd period - Slapshot by Jay Bouwmeester.
4:44 of 2nd period - Stopped by Allen York without a rebound.
4:45 of 2nd period - Corey Perry wins face-off versus Joe Thornton in Canadiens zone.
5:04 of 2nd period - Penalty to Dustin Byfuglien is over, Dustin Byfuglien is back on ice.
5:12 of 2nd period - Snap shot by Evander Kane.
5:12 of 2nd period - Shot Blocked by Mark Stuart.
5:14 of 2nd period - Slapshot by Ryan Ellis.
5:14 of 2nd period - Deflect By Mark Stuart.
5:14 of 2nd period - Stopped by Allen York with a rebound.
5:16 of 2nd period - Snap shot by Tomas Fleischmann.
5:16 of 2nd period - Shot Misses the Net.
5:18 of 2nd period - Wrist shot by Adam Pineault.
5:18 of 2nd period - Shot Misses the Net.
5:20 of 2nd period - Slapshot by Ryan Ellis.
5:20 of 2nd period - Stopped by Allen York with a rebound.
5:22 of 2nd period - Snap shot by Tomas Fleischmann.
5:22 of 2nd period - Shot Blocked by Raphael Diaz.
5:28 of 2nd period - Penalty to Colton Parayko is over, Colton Parayko is back on ice.
5:40 of 2nd period - Wrist shot by Frans Nielsen.
5:40 of 2nd period - Stopped by Jonathan Quick without a rebound.
5:41 of 2nd period - Joe Thornton wins face-off versus Frans Nielsen in Islanders zone.
5:41 of 2nd period - Joe Thornton is hit by David Pastrnak.
5:53 of 2nd period - Slapshot by Dustin Byfuglien.
5:53 of 2nd period - Stopped by Allen York without a rebound.
5:54 of 2nd period - Joe Thornton wins face-off versus Benoit Pouliot in Canadiens zone.
5:57 of 2nd period - Snap shot by Evander Kane.
5:57 of 2nd period - Stopped by Allen York without a rebound.
5:58 of 2nd period - Frans Nielsen wins face-off versus Joe Thornton in Canadiens zone.
5:58 of 2nd period - Frans Nielsen is hit by Joe Thornton.
6:01 of 2nd period - Minor Penalty to David Pastrnak for Roughing.
6:02 of 2nd period - Corey Perry wins face-off versus Joe Thornton in Canadiens zone.
6:02 of 2nd period - Corey Perry is hit by Ryan Ellis.
6:19 of 2nd period - Colton Parayko is hit by Joe Thornton and loses puck.
8:01 of 2nd period - Penalty to David Pastrnak is over, David Pastrnak is back on ice.
8:17 of 2nd period - David Pastrnak is hit by Maxim Talbot and loses puck.
8:28 of 2nd period - Adam Pineault is hit by Jordan Szwarz and loses puck.
8:33 of 2nd period - Slapshot by Brett Maclean.
8:33 of 2nd period - Goal by Brett Maclean - Canadiens : 2 - Islanders : 1.
8:34 of 2nd period - Henrik Sedin wins face-off versus Joe Thornton in neutral zone.
8:37 of 2nd period - Jay Bouwmeester is hit by Henrik Sedin and loses puck.
8:50 of 2nd period - Snap shot by Evander Kane.
8:50 of 2nd period - Shot Blocked by Corey Perry.
9:14 of 2nd period - Icing by Colton Parayko.
9:15 of 2nd period - Frans Nielsen wins face-off versus Joe Thornton in Canadiens zone.
9:23 of 2nd period - Double Minor Penalty to Jay Bouwmeester for High sticking.
9:24 of 2nd period - Evander Kane wins face-off versus Henrik Sedin in Islanders zone.
9:42 of 2nd period - Icing by Henrik Sedin.
9:43 of 2nd period - Henrik Sedin wins face-off versus Joe Thornton in Canadiens zone.
9:52 of 2nd period - Snap shot by Greg Stewart.
9:52 of 2nd period - Stopped by Jonathan Quick without a rebound.
9:53 of 2nd period - Joe Thornton wins face-off versus Henrik Sedin in Islanders zone.
10:06 of 2nd period - Evander Kane is hit by Colton Parayko and loses puck.
10:24 of 2nd period - Wrist shot by Greg Stewart.
10:24 of 2nd period - Shot Misses the Net.
10:26 of 2nd period - Snap shot by David Pastrnak.
10:26 of 2nd period - Stopped by Jonathan Quick without a rebound.
10:27 of 2nd period - Frans Nielsen wins face-off versus Maxim Talbot in Islanders zone.
11:08 of 2nd period - Wrist shot by Evander Kane.
11:08 of 2nd period - Shot Misses the Net.
11:27 of 2nd period - Icing by Frans Nielsen.
11:28 of 2nd period - Frans Nielsen wins face-off versus David Legwand in Canadiens zone.
12:54 of 2nd period - Dustin Byfuglien is hit by Raphael Diaz and loses puck.
13:23 of 2nd period - Penalty to Jay Bouwmeester is over, Jay Bouwmeester is back on ice.
13:33 of 2nd period - Icing by Justin Falk.
13:34 of 2nd period - Dustin Boyd wins face-off versus David Legwand in Islanders zone.
13:39 of 2nd period - Snap shot by Nick Spaling.
13:39 of 2nd period - Stopped by Jonathan Quick with a rebound.
13:41 of 2nd period - Snap shot by Nick Spaling.
13:41 of 2nd period - Shot Misses the Net.
13:43 of 2nd period - Wrist shot by Nikolai Zherdev.
13:43 of 2nd period - Stopped by Jonathan Quick without a rebound.
13:44 of 2nd period - Joe Thornton wins face-off versus Dustin Boyd in Islanders zone.
13:44 of 2nd period - Joe Thornton is hit by Nikolai Zherdev.
14:16 of 2nd period - Snap shot by Nikolai Zherdev.
14:16 of 2nd period - Shot Misses the Net.
14:18 of 2nd period - Slapshot by Dustin Boyd.
14:18 of 2nd period - Stopped by Jonathan Quick with a rebound.
14:20 of 2nd period - Snap shot by Nick Spaling.
14:20 of 2nd period - Stopped by Jonathan Quick with a rebound.
14:22 of 2nd period - Slapshot by Bryce Lampman.
14:22 of 2nd period - Shot Misses the Net.
14:30 of 2nd period - Snap shot by Dustin Boyd.
14:30 of 2nd period - Shot Misses the Net.
14:32 of 2nd period - Snap shot by Nick Spaling.
14:32 of 2nd period - Shot Misses the Net.
14:46 of 2nd period - Slapshot by Dustin Boyd.
14:46 of 2nd period - Shot Misses the Net.
14:48 of 2nd period - Wrist shot by Nick Spaling.
14:48 of 2nd period - Stopped by Jonathan Quick with a rebound.
14:50 of 2nd period - Slapshot by Bryce Lampman.
14:50 of 2nd period - Shot Blocked by David Legwand.
14:52 of 2nd period - Snap shot by Dustin Boyd.
14:52 of 2nd period - Shot Blocked by Zac Rinaldo.
14:54 of 2nd period - Slapshot by Colton Parayko.
14:54 of 2nd period - Shot Misses the Net.
15:06 of 2nd period - Slapshot by Nick Spaling.
15:06 of 2nd period - Stopped by Jonathan Quick without a rebound.
15:07 of 2nd period - Joe Thornton wins face-off versus Henrik Sedin in Islanders zone.
15:07 of 2nd period - Joe Thornton is hit by Corey Perry.
15:15 of 2nd period - Snap shot by Evander Kane.
15:15 of 2nd period - Deflect By Joe Thornton.
15:15 of 2nd period - Stopped by Allen York with a rebound.
15:17 of 2nd period - Wrist shot by Jay Bouwmeester.
15:17 of 2nd period - Stopped by Allen York with a rebound.
15:19 of 2nd period - Slapshot by Ryan Ellis.
15:19 of 2nd period - Deflect By Vladimir Tarasenko.
15:19 of 2nd period - Shot Misses the Net.
15:19 of 2nd period - Puck is out of play.
15:20 of 2nd period - Joe Thornton wins face-off versus Henrik Sedin in Canadiens zone.
15:27 of 2nd period - Snap shot by Vladimir Tarasenko.
15:27 of 2nd period - Shot Blocked by Raphael Diaz.
15:29 of 2nd period - Wrist shot by Joe Thornton.
15:29 of 2nd period - Shot Blocked by Mark Stuart.
15:31 of 2nd period - Snap shot by Ryan Ellis.
15:31 of 2nd period - Stopped by Allen York with a rebound.
15:33 of 2nd period - Slapshot by Ryan Ellis.
15:33 of 2nd period - Shot Misses the Net.
17:09 of 2nd period - Wrist shot by Brett Maclean.
17:09 of 2nd period - Stopped by Jonathan Quick without a rebound.
17:10 of 2nd period - Brett Maclean wins face-off versus David Legwand in Islanders zone.
17:35 of 2nd period - Bryce Lampman is hit by Carl Klingberg and loses puck.
17:59 of 2nd period - Wrist shot by Dustin Byfuglien.
17:59 of 2nd period - Stopped by Allen York without a rebound.
18:00 of 2nd period - Joe Thornton wins face-off versus Frans Nielsen in Canadiens zone.
18:01 of 2nd period - Slapshot by Evander Kane.
18:01 of 2nd period - Shot Misses the Net.
18:03 of 2nd period - Snap shot by Evander Kane.
18:03 of 2nd period - Stopped by Allen York without a rebound.
18:04 of 2nd period - Joe Thornton wins face-off versus Frans Nielsen in Canadiens zone.
18:05 of 2nd period - Snap shot by Evander Kane.
18:05 of 2nd period - Stopped by Allen York with a rebound.
18:22 of 2nd period - Minor Penalty to Colton Parayko for Interference.
18:23 of 2nd period - Joe Thornton wins face-off versus Corey Perry in Canadiens zone.
18:28 of 2nd period - Wrist shot by Vladimir Tarasenko.
18:28 of 2nd period - Stopped by Allen York with a rebound.
18:30 of 2nd period - Wrist shot by Vladimir Tarasenko.
18:30 of 2nd period - Shot Misses the Net.
18:32 of 2nd period - Wrist shot by Joe Thornton.
18:32 of 2nd period - Stopped by Allen York without a rebound.
18:33 of 2nd period - Joe Thornton wins face-off versus Corey Perry in Canadiens zone.
18:44 of 2nd period - Backhand shot by Ryan Ellis.
18:44 of 2nd period - Shot Blocked by Henrik Sedin.
18:46 of 2nd period - Wrist shot by Vladimir Tarasenko.
18:46 of 2nd period - Goal by Vladimir Tarasenko - Canadiens : 2 - Islanders : 2.
18:47 of 2nd period - Joe Thornton wins face-off versus Henrik Sedin in neutral zone.
18:52 of 2nd period - Slapshot by Vladimir Tarasenko.
18:52 of 2nd period - Shot Misses the Net.
19:14 of 2nd period - Bryce Lampman is hit by David Legwand and loses puck.
19:41 of 2nd period - Colton Parayko is hit by Tomas Plekanec and loses puck.
19:54 of 2nd period - Wrist shot by Vladimir Tarasenko.
19:54 of 2nd period - Shot Misses the Net.
19:56 of 2nd period - Slapshot by T.J. Fast.
19:56 of 2nd period - Stopped by Allen York without a rebound.
19:57 of 2nd period - Maxim Talbot wins face-off versus Dustin Boyd in Canadiens zone.
Goals for this period are 1 for Canadiens vs 1 for Islanders.
Shots for this period are 16 for Canadiens vs 18 for Islanders.

3rd period


0:01 of 3rd period - Henrik Sedin wins face-off versus Joe Thornton in neutral zone.
0:04 of 3rd period - Slapshot by Colton Parayko.
0:04 of 3rd period - Shot Blocked by Jay Bouwmeester.
0:06 of 3rd period - Slapshot by Colton Parayko.
0:06 of 3rd period - Stopped by Jonathan Quick without a rebound.
0:07 of 3rd period - Henrik Sedin wins face-off versus Joe Thornton in Islanders zone.
0:17 of 3rd period - Off-side.
0:18 of 3rd period - Joe Thornton wins face-off versus Greg Stewart in neutral zone.
0:36 of 3rd period - Off-side.
0:37 of 3rd period - Frans Nielsen wins face-off versus David Legwand in neutral zone.
0:42 of 3rd period - Snap shot by David Pastrnak.
0:42 of 3rd period - Goal by David Pastrnak - Canadiens : 3 - Islanders : 2.
0:43 of 3rd period - Henrik Sedin wins face-off versus Joe Thornton in neutral zone.
1:18 of 3rd period - Wrist shot by Benoit Pouliot.
1:18 of 3rd period - Shot Misses the Net.
1:40 of 3rd period - Wrist shot by Dustin Boyd.
1:40 of 3rd period - Stopped by Jonathan Quick without a rebound.
1:41 of 3rd period - Nikolai Zherdev wins face-off versus Joe Thornton in Islanders zone.
1:56 of 3rd period - Snap shot by Dustin Boyd.
1:56 of 3rd period - Stopped by Jonathan Quick with a rebound.
2:24 of 3rd period - Snap shot by Greg Stewart.
2:24 of 3rd period - Stopped by Jonathan Quick without a rebound.
2:25 of 3rd period - Maxim Talbot wins face-off versus Frans Nielsen in Islanders zone.
2:27 of 3rd period - Minor Penalty to Maxim Talbot for High sticking.
2:28 of 3rd period - Evander Kane wins face-off versus Henrik Sedin in Islanders zone.
2:54 of 3rd period - Evander Kane is hit by Colton Parayko and loses puck.
3:22 of 3rd period - Icing by Bryce Lampman.
3:23 of 3rd period - Henrik Sedin wins face-off versus Joe Thornton in Canadiens zone.
3:28 of 3rd period - Wrist shot by Bryce Lampman.
3:28 of 3rd period - Deflect By Joe Thornton.
3:28 of 3rd period - Stopped by Jonathan Quick with a rebound.
3:30 of 3rd period - Wrist shot by Henrik Sedin.
3:30 of 3rd period - Stopped by Jonathan Quick with a rebound.
3:32 of 3rd period - Snap shot by Henrik Sedin.
3:32 of 3rd period - Shot Misses the Net.
3:34 of 3rd period - Wrist shot by David Pastrnak.
3:34 of 3rd period - Stopped by Jonathan Quick without a rebound.
3:35 of 3rd period - Joe Thornton wins face-off versus Henrik Sedin in Islanders zone.
4:27 of 3rd period - Penalty to Maxim Talbot is over, Maxim Talbot is back on ice.
4:48 of 3rd period - Snap shot by Evander Kane.
4:48 of 3rd period - Deflect By Joe Thornton.
4:48 of 3rd period - Stopped by Allen York without a rebound.
4:49 of 3rd period - Henrik Sedin wins face-off versus David Legwand in Canadiens zone.
4:49 of 3rd period - Henrik Sedin is hit by Jiri Hudler.
5:27 of 3rd period - Wrist shot by David Legwand.
5:27 of 3rd period - Shot Misses the Net.
5:29 of 3rd period - Slapshot by Zac Rinaldo.
5:29 of 3rd period - Shot Misses the Net.
5:31 of 3rd period - Slapshot by Jay Bouwmeester.
5:31 of 3rd period - Shot Blocked by Colton Parayko.
5:33 of 3rd period - Slapshot by Zac Rinaldo.
5:33 of 3rd period - Stopped by Allen York without a rebound.
5:34 of 3rd period - Henrik Sedin wins face-off versus Maxim Talbot in Canadiens zone.
5:36 of 3rd period - Double Minor Penalty to Henrik Sedin for Roughing.
5:37 of 3rd period - Joe Thornton wins face-off versus Corey Perry in Canadiens zone.
7:51 of 3rd period - Corey Perry is hit by Jiri Hudler and loses puck.
8:10 of 3rd period - Colton Parayko is hit by Joe Thornton.
8:14 of 3rd period - Vladimir Tarasenko is hit by Bryce Lampman and loses puck.
8:40 of 3rd period - Icing by Adam Pineault.
8:41 of 3rd period - Zac Rinaldo wins face-off versus Brett Maclean in Islanders zone.
8:48 of 3rd period - Wrist shot by Jiri Hudler.
8:48 of 3rd period - Shot Misses the Net.
8:50 of 3rd period - Wrist shot by Carl Klingberg.
8:50 of 3rd period - Stopped by Allen York without a rebound.
8:51 of 3rd period - Corey Perry wins face-off versus David Legwand in Canadiens zone.
8:58 of 3rd period - Snap shot by Adam Pineault.
8:58 of 3rd period - Shot Misses the Net.
9:00 of 3rd period - Slapshot by Jay Bouwmeester.
9:00 of 3rd period - Stopped by Allen York without a rebound.
9:01 of 3rd period - David Legwand wins face-off versus Corey Perry in Canadiens zone.
9:14 of 3rd period - Wrist shot by Tomas Fleischmann.
9:14 of 3rd period - Shot Misses the Net.
9:36 of 3rd period - Penalty to Henrik Sedin is over, Henrik Sedin is back on ice.
10:05 of 3rd period - Wrist shot by Nick Spaling.
10:05 of 3rd period - Stopped by Jonathan Quick with a rebound.
10:07 of 3rd period - Snap shot by Dustin Boyd.
10:07 of 3rd period - Stopped by Jonathan Quick without a rebound.
10:08 of 3rd period - Pierre-Marc Bouchard wins face-off versus Joe Thornton in Islanders zone.
10:15 of 3rd period - Jordan Szwarz is hit by Jay Bouwmeester and loses puck.
10:43 of 3rd period - Slapshot by Ryan Ellis.
10:43 of 3rd period - Stopped by Allen York with a rebound.
11:14 of 3rd period - Snap shot by Dustin Boyd.
11:14 of 3rd period - Stopped by Jonathan Quick with a rebound.
11:48 of 3rd period - Bryce Lampman is hit by Vladimir Tarasenko and loses puck.
12:47 of 3rd period - Icing by Fedor Tyutin.
12:48 of 3rd period - Greg Stewart wins face-off versus Joe Thornton in Islanders zone.
12:55 of 3rd period - Wrist shot by Greg Stewart.
12:55 of 3rd period - Stopped by Jonathan Quick without a rebound.
12:56 of 3rd period - David Legwand wins face-off versus Corey Perry in Islanders zone.
13:03 of 3rd period - Slapshot by Ryan Ellis.
13:03 of 3rd period - Stopped by Allen York without a rebound.
13:04 of 3rd period - Henrik Sedin wins face-off versus David Legwand in Canadiens zone.
13:09 of 3rd period - David Legwand is hit by Mark Stuart and loses puck.
13:32 of 3rd period - Slapshot by Corey Perry.
13:32 of 3rd period - Stopped by Jonathan Quick without a rebound.
13:33 of 3rd period - Joe Thornton wins face-off versus David Pastrnak in Islanders zone.
13:50 of 3rd period - Snap shot by Vladimir Tarasenko.
13:50 of 3rd period - Shot Blocked by Bryce Lampman.
14:34 of 3rd period - Wrist shot by Carl Klingberg.
14:34 of 3rd period - Stopped by Allen York with a rebound.
14:36 of 3rd period - Slapshot by Dustin Byfuglien.
14:36 of 3rd period - Deflect By Henrik Sedin.
14:36 of 3rd period - Stopped by Allen York without a rebound.
14:37 of 3rd period - Evander Kane wins face-off versus Frans Nielsen in Canadiens zone.
14:38 of 3rd period - Slapshot by Joe Thornton.
14:38 of 3rd period - Stopped by Allen York with a rebound.
14:58 of 3rd period - Jay Bouwmeester is hit by Raphael Diaz and loses puck.
15:06 of 3rd period - Icing by Ryan Ellis.
15:07 of 3rd period - Joe Thornton wins face-off versus Pierre-Marc Bouchard in Islanders zone.
15:07 of 3rd period - Ryan Ellis is hit by Jordan Szwarz and loses puck.
15:17 of 3rd period - Minor Penalty to Cameron Gaunce for Holding.
15:18 of 3rd period - Corey Perry wins face-off versus Joe Thornton in Canadiens zone.
15:34 of 3rd period - Slapshot by Ryan Ellis.
15:34 of 3rd period - Shot Blocked by Henrik Sedin.
17:17 of 3rd period - Penalty to Cameron Gaunce is over, Cameron Gaunce is back on ice.
17:31 of 3rd period - Nikolai Zherdev is hit by Zac Rinaldo and loses puck.
18:01 of 3rd period - Off-side.
18:02 of 3rd period - Adam Pineault wins face-off versus Frans Nielsen in neutral zone.
19:14 of 3rd period - Islanders, Jonathan Quick is pulled from the net.
19:19 of 3rd period - Minor Penalty to Henrik Sedin for Roughing.
19:20 of 3rd period - David Legwand wins face-off versus Corey Perry in Canadiens zone.
19:24 of 3rd period - Slapshot by Ryan Ellis.
19:24 of 3rd period - Goal by Ryan Ellis - Canadiens : 3 - Islanders : 3.
19:24 of 3rd period - Jonathan Quick from Islanders was sent back in the game.
19:25 of 3rd period - Pierre-Marc Bouchard wins face-off versus Maxim Talbot in neutral zone.
19:34 of 3rd period - Wrist shot by Vladimir Tarasenko.
19:34 of 3rd period - Shot Blocked by Colton Parayko.
Goals for this period are 1 for Canadiens vs 1 for Islanders.
Shots for this period are 13 for Canadiens vs 10 for Islanders.

Overtime #1


0:01 of 1st overtime period - Corey Perry wins face-off versus Joe Thornton in neutral zone.
0:15 of 1st overtime period - Jay Bouwmeester is hit by Corey Perry and loses puck.
1:10 of 1st overtime period - Snap shot by Corey Perry.
1:10 of 1st overtime period - Shot Misses the Net.
1:23 of 1st overtime period - Icing by Jay Bouwmeester.
1:24 of 1st overtime period - Henrik Sedin wins face-off versus David Legwand in Islanders zone.
1:38 of 1st overtime period - Icing by Joe Thornton.
1:39 of 1st overtime period - Corey Perry wins face-off versus Joe Thornton in Islanders zone.
2:30 of 1st overtime period - Off-side.
2:31 of 1st overtime period - Greg Stewart wins face-off versus Joe Thornton in neutral zone.
2:55 of 1st overtime period - Icing by Joe Thornton.
2:56 of 1st overtime period - Henrik Sedin wins face-off versus Maxim Talbot in Islanders zone.
3:03 of 1st overtime period - Wrist shot by Henrik Sedin.
3:03 of 1st overtime period - Deflect By Corey Perry.
3:03 of 1st overtime period - Shot Misses the Net.
3:03 of 1st overtime period - Puck is out of play.
3:04 of 1st overtime period - Joe Thornton wins face-off versus Corey Perry in Islanders zone.
4:27 of 1st overtime period - Colton Parayko is hit by Evander Kane and loses puck.
Goals for this period are 0 for Canadiens vs 0 for Islanders.
Shots for this period are 0 for Canadiens vs 0 for Islanders.

ShootOut


5:00 of 1st overtime period - Round #1.
5:00 of 1st overtime period - Canadiens, Corey Perry.
5:00 of 1st overtime period - Deke by Corey Perry.
5:00 of 1st overtime period - Stopped by Jonathan Quick.
5:00 of 1st overtime period - Islanders, Evander Kane.
5:00 of 1st overtime period - Snap shot by Evander Kane.
5:00 of 1st overtime period - Goal by Evander Kane.
5:00 of 1st overtime period - Round #2.
5:00 of 1st overtime period - Canadiens, Henrik Sedin.
5:00 of 1st overtime period - Backhand shot by Henrik Sedin.
5:00 of 1st overtime period - Shot Misses the Net.
5:00 of 1st overtime period - Islanders, Vladimir Tarasenko.
5:00 of 1st overtime period - Snap shot by Vladimir Tarasenko.
5:00 of 1st overtime period - Shot Misses the Net.
5:00 of 1st overtime period - Round #3.
5:00 of 1st overtime period - Canadiens, Greg Stewart.
5:00 of 1st overtime period - Wrist shot by Greg Stewart.
5:00 of 1st overtime period - Stopped by Jonathan Quick.